 Dungeon Crawl Stone Soup version 0.30-a0-154-gb106f4c828 (webtiles) character file.

Game seed: 1619843730127166417

11504 Engwar the Cleaver (level 11, -2/101 HPs)
             Began as a Minotaur Fighter on Sept 26, 2022.
             Was a High Priest of Okawaru.
             Killed from afar by an ice statue (16 damage)
             ... with a bolt of cold
             ... in a Gauntlet on Sept 27, 2022.
             The game lasted 00:25:38 (10753 turns).

Engwar the Cleaver (Minotaur Fighter)              Turns: 10753, Time: 00:25:38

Health: -2/101     AC: 17    Str: 34    XL:     11   Next: 50%
Magic:  12/12      EV:  8    Int:  2    God:    Okawaru [*****.]
Gold:   224        SH:  7    Dex: 14    Spells: 10/10 levels left

rFire   x . .      SeeInvis .    K - +2 war axe (vorpal)
rCold   + . .      Faith    .    c - +1 buckler
rNeg    . . .      Spirit   .    I - +0 plate armour
rPois   .          Reflect  .    (helmet restricted)
rElec   .          Harm     .    a - +0 cloak of Corhuc {Str+5 Stlth+}
rCorr   .          Rampage  .    C - +0 pair of gloves "Ragebbec" {Str+6 Int-5 Dex+4}
Will    +....      NoTele   +    (no boots)
Stlth   ..........               D - amulet of the acrobat
HPRegen 0.26/turn                x - ring of willpower
MPRegen 0.13/turn                J - ring of ice

@: no status effects
A: horns 2, retaliatory headbutt
a: Renounce Religion, Heroism, Finesse, Duel


You were in a Gauntlet.
You worshipped Okawaru.
Okawaru was extremely pleased with you.
You visited 3 branches of the dungeon, and saw 12 of its levels.
You also visited: Gauntlet.

You collected 442 gold pieces.
You spent 218 gold pieces at shops.

Inventory:

Hand Weapons
 K - a +2 vorpal war axe (weapon)
Missiles
 b - 25 poisoned darts (quivered)
 u - a throwing net
Armour
 a - the +0 cloak of Corhuc (worn) {Str+5 Stlth+}
   (You bought it in a shop on level 5 of the Dungeon)

   Str:       It affects your strength (+5).
   Stlth:     It makes you more stealthy.
 c - a +1 buckler (worn)
 C - the +0 pair of gloves "Ragebbec" (worn) {Str+6 Int-5 Dex+4}
   (You found it on level 5 of the Dungeon)

   Str:       It affects your strength (+6).
   Int:       It affects your intelligence (-5).
   Dex:       It affects your dexterity (+4).
 I - a +0 plate armour (worn)
Jewellery
 p - a ring of willpower
 x - a ring of willpower (left hand)
 D - an amulet of the acrobat (around neck)
 F - a ring of poison resistance
 J - a ring of ice (right hand)
Wands
 l - a wand of flame (18)
 o - a wand of roots (6)
 E - a wand of polymorph (4)
 G - a wand of mindburst (12)
 H - a wand of paralysis (18)
Scrolls
 f - 8 scrolls of teleportation
 h - 4 scrolls of poison
 i - 4 scrolls of vulnerability
 j - 4 scrolls of immolation
 k - 6 scrolls of blinking
 q - 4 scrolls of enchant weapon
 y - 2 scrolls of enchant armour
 z - 3 scrolls of amnesia
Potions
 d - 2 potions of flight
 e - 5 potions of heal wounds
 g - a potion of might
 m - a potion of ambrosia
 n - 6 potions of curing
 r - a potion of haste
 s - a potion of cancellation
 t - a potion of invisibility
 w - 2 potions of attraction
 A - 3 potions of lignification
 B - a potion of mutation
 L - a potion of berserk rage {unknown}


   Skills:
 + Level 10.3 Fighting
 * Level 13.7 Axes
 + Level 10.3 Armour
 + Level 10.3 Shields
 + Level 3.7 Invocations


You had 10 spell levels left.
You didn't know any spells.
Your spell library contained the following spells:

 Spells                   Type           Power      Damage    Failure   Level
 Ensorcelled Hibernation  Hex/Ice        0%         N/A       100%        2
 Passwall                 Tmut/Erth      0%         N/A       100%        2
 Sublimation of Blood     Necr           0%         N/A       100%        2
 Wereblood                Tmut           0%         N/A       100%        2
 Swiftness                Air            0%         N/A       100%        3
 Summon Hydra             Summ           Unusable   N/A       N/A         7

Dungeon Overview and Level Annotations

Branches:
Dungeon (10/15)            Temple (1/1) D:6            Lair (1/5) D:10
    Orc (0/2) D:9         Gauntlet (1/1)

Altars:
Ashenzari
Cheibriados
Dithmenos
Elyvilon
Fedhas
Hepliaklqana
Kikubaaqudgha
Makhleb
Nemelex Xobeh
Okawaru
Qazlal
Ru
Sif Muna
Trog
Uskayaw
Vehumet
Wu Jian
Xom
Yredelemnul
Zin
The Shining One

Shops:
D:2 ?   D:5 =[?[:(   D:6 ?   D:7 :   D:10 [

Annotations:
D:5 2 transporters, SuDDenLife's ghost, novice DrFE
D:9 2 transporters, Stonecrops's ghost, journeyman GrFi Gauntlet 11 transporters, 1 runed translucent door, exclusions: ice statue and oklob plant


Innate Abilities, Weirdness & Mutations

You have a pair of horns on your head.
You reflexively headbutt those who attack you in melee.


Message History

[Y]es or [N]o only, please.
Really walk into that net trap?
You become entangled in the net!
There is a net trap here.
You see here a throwing net.
You struggle against the net.
The ice statue gestures at you. The bolt of cold hits you. You resist.
You struggle against the net.
The ice statue gestures at you.
The bolt of cold hits the ice beast.
The ice beast completely resists.
The bolt of cold hits you. You resist.
The ice beast hits you but does no damage.
The ice beast hits you. The ice beast freezes you. You resist.
You struggle against the net.
The ice statue gestures at you.
The bolt of cold hits the ice beast.
The ice beast completely resists.
The bolt of cold hits you! You resist.
* * * LOW HITPOINT WARNING * * *
The bolt of cold hits the ice beast.
The ice beast completely resists.
The ice beast barely misses you. You furiously retaliate!
You headbutt the ice beast.
You kill the ice beast!
The ice beast disappears in a puff of smoke!
The ice beast hits you but does no damage. x2
You struggle against the net.
The ice statue gestures at you.
The freezing blast engulfs the ice beast.
The ice beast completely resists.
The ice beast hits you.
* * * LOW HITPOINT WARNING * * *
The ice beast freezes you. You resist.
* * * LOW HITPOINT WARNING * * *
The ice beast hits you but does no damage.
You rip the net and break free!
You are engulfed in freezing vapours.
You resist.
* * * LOW HITPOINT WARNING * * *
The ice statue gestures at you.
The bolt of cold hits the ice beast.
The ice beast completely resists.
The bolt of cold hits you! You resist.
You die...

≈..###########..#..[©.!
##......#©#......#.####.
#§......#©#......#.#...#
##..###########..#.#.©.#
#≈..#.≈..©?≈.(#..#.#...#
##..#.≈.≈8☼.≈.#..#5.####
#≈..#..○○○^≈≈.#..#35....
##..#^≈§Y§≈.≈.#..#######
#≈..#≈≈@Y§≈..≈#......©..
##..#.)≈.^.≈.≈#.∩.......
#≈..#©≈≈.≈≈.≈.#..≈#§#≈#≈
##..#.≈..≈..≈.#..#######
#§§.#.≈..^≈≈..#..≈#
##..###########..##
#≈.......©.....∩.≈#
##.........§§....##
##≈#§#≈#≈#§#≈#≈##


You could see an ice statue and 2 ice beasts.

Vanquished Creatures
  A two-headed ogre (D:10)
  An ugly thing (D:10)
  Joseph (D:10)
  A torpor snail (Lair:1)
  A kobold demonologist (D:10)
  2 rime drakes (Gauntlet)
  3 komodo dragons
  A troll (D:9)
  A hornet (D:9)
  Grinder (D:5)
  Sigmund (D:3)
  A wraith (D:10)
  A steam dragon (D:10)
  12 yaks
  An acid dragon (D:8)
  Duvessa (D:5)
  6 water moccasins
  An ice beast (D:6)
  A hornet zombie (D:6)
  2 sky beasts (D:7)
  2 orc warriors
  2 black bears
  3 ogres
  3 centaurs
  2 phantoms
  2 kobold brigands
  2 bullfrogs
  A gnoll sergeant (D:10)
  7 scorpions
  5 water moccasin zombies (D:6)
  10 wights
  Dowan (D:5)
  A water moccasin skeleton (D:6)
  8 killer bees (D:7)
  8 howler monkeys
  4 centaur zombies (D:6)
  A jelly (D:5)
  A bullfrog zombie (D:6)
  2 hounds
  3 orc priests
  2 centaur skeletons (D:6)
  Jessica (D:2)
  2 bullfrog skeletons (D:6)
  An iguana (D:3)
  Natasha (D:2)
  Terence (D:2)
  9 orc wizards
  Robin (D:2)
  A howler monkey zombie (D:6)
  15 gnolls
  7 adders
  A shadow imp (D:5)
  3 white imps
  2 worms
  30 orcs
  7 endoplasms
  5 giant cockroaches
  11 goblins
  10 hobgoblins
  7 jackals
  7 quokkas
  3 ball pythons
  4 bats
  4 frilled lizards
  17 kobolds
  4 rats (D:1)
264 creatures vanquished.

Vanquished Creatures (others)
  41 fungi
  42 plants
  3 withered plants (D:6)
86 creatures vanquished.

Grand Total: 350 creatures vanquished

Notes
Turn   | Place    | Note
-------+----------+-------------------------------------------
     0 | D:1      | Engwar the Minotaur Fighter began the quest for the Orb.
     0 | D:1      | Reached XP level 1. HP: 19/19 MP: 0/0
   240 | D:1      | Reached XP level 2. HP: 27/27 MP: 1/1
   288 | D:1      | Reached skill level 3 in Axes
   738 | D:2      | Reached XP level 3. HP: 33/33 MP: 2/2
   960 | D:2      | Noticed Jessica
   961 | D:2      | Found Ocion's Magic Scroll Boutique.
   973 | D:2      | Killed Jessica
  1041 | D:2      | Noticed Robin
  1057 | D:2      | Reached XP level 4. HP: 35/40 MP: 3/3
  1071 | D:2      | Killed Robin
  1072 | D:2      | Reached skill level 4 in Axes
  1311 | D:2      | Noticed Natasha
  1428 | D:2      | Killed Natasha
  1483 | D:2      | Noticed Terence
  1492 | D:2      | Killed Terence
  1493 | D:2      | Reached XP level 5. HP: 43/47 MP: 4/4
  1886 | D:3      | Noticed Sigmund
  1897 | D:3      | Killed Sigmund
  1898 | D:3      | Reached skill level 5 in Axes
  1898 | D:3      | Reached XP level 6. HP: 37/55 MP: 5/5
  2095 | D:3      | Reached skill level 5 in Shields
  2144 | D:3      | Reached skill level 5 in Fighting
  2144 | D:3      | Reached skill level 5 in Armour
  2431 | D:3      | Found a faded altar of an unknown god.
  2833 | D:4      | Reached skill level 6 in Axes
  3210 | D:4      | Found a radiant altar of Vehumet.
  3211 | D:4      | Reached XP level 7. HP: 50/61 MP: 6/6
  3861 | D:5      | Entered Level 5 of the Dungeon
  3861 | D:5      | Found Kepp's Antique Weapon Shoppe.
  3862 | D:5      | Upgraded the game from 0.30-a0-142-g7370640ec8 to
                  | 0.30-a0-154-gb106f4c828
  4234 | D:5      | Found a transporter.
  4259 | D:5      | Found a transporter.
  4263 | D:5      | Noticed SuDDenLife's ghost (novice DrFE)
  4306 | D:5      | Noticed Grinder
  4320 | D:5      | Killed Grinder
  4321 | D:5      | Reached skill level 7 in Axes
  4321 | D:5      | Reached XP level 8. HP: 70/70 MP: 7/7
  4560 | D:5      | Identified the +0 pair of gloves "Ragebbec" {Str+6 Int-5
                  | Dex+4}
  4580 | D:5      | Reached skill level 8 in Axes
  4630 | D:5      | Found Koyciawe's Antique Armour Emporium.
  4634 | D:5      | Found Ron Raacw's Armour Emporium.
  4634 | D:5      | Found Nonabroarr's Magic Scroll Emporium.
  4635 | D:5      | Found Mitzunip's Jewellery Emporium.
  4636 | D:5      | Noticed Dowan
  4636 | D:5      | Noticed Duvessa
  4657 | D:5      | Killed Duvessa
  4664 | D:5      | Killed Dowan
  4836 | D:5      | Found Odulouh's Book Emporium.
  4972 | D:6      | Reached skill level 9 in Axes
  5195 | D:6      | Reached XP level 9. HP: 59/79 MP: 8/8
  5474 | D:6      | Found a staircase to the Ecumenical Temple.
  5481 | Temple   | Entered the Ecumenical Temple
  5505 | Temple   | Became a worshipper of Warmaster Okawaru
  5588 | D:6      | You fall into a shaft and drop 3 floors!
  6026 | D:6      | Reached skill level 10 in Axes
  6041 | D:6      | Found Qilup's Magic Scroll Emporium.
  6052 | D:6      | Identified the +0 leather armour of Uskayaw's Esteem {Drain
                  | rF+ Will- Dex+8}
  6339 | D:7      | Reached * piety under Okawaru
  6686 | D:7      | Found Liugaw's Book Boutique.
  6970 | D:7      | Reached skill level 11 in Axes
  7209 | D:5      | Bought a brightly glowing cloak for 218 gold pieces
  7209 | D:5      | Identified the +0 cloak of Corhuc {Str+5 Stlth+} (You
                  | bought it in a shop on level 5 of the Dungeon)
  7389 | D:8      | Reached XP level 10. HP: 90/90 MP: 9/9
  7390 | D:8      | Reached ** piety under Okawaru
  7837 | D:8      | Identified the +8 shortbow of the Ring {vorpal, rElec}
  8342 | D:9      | Reached skill level 12 in Axes
  8383 | D:9      | Found a staircase to the Orcish Mines.
  8442 | D:9      | Reached *** piety under Okawaru
  8685 | D:9      | Found a transporter.
  8726 | D:9      | Noticed Stonecrops's ghost (journeyman GrFi)
  8776 | D:9      | Found a transporter.
  8907 | D:10     | Entered Level 10 of the Dungeon
  9069 | D:10     | Noticed Joseph
  9074 | D:10     | Killed Joseph
  9075 | D:10     | Reached skill level 1 in Invocations
  9091 | D:10     | Noticed a two-headed ogre
  9277 | D:10     | Killed a two-headed ogre
  9277 | D:10     | Reached **** piety under Okawaru
  9551 | D:10     | Reached XP level 11. HP: 98/99 MP: 11/11
  9639 | D:10     | Identified the +8 spear "Xotepruc" {drain, rCorr Int+4
                  | SInv}
  9678 | D:10     | Found a shimmering blue altar of Sif Muna.
  9684 | D:10     | Found a burning altar of Makhleb.
  9777 | D:10     | Found a staircase to the Lair.
  9791 | D:10     | Reached skill level 13 in Axes
  9799 | D:10     | Noticed a brown ugly thing
  9807 | D:10     | Killed a brown ugly thing
 10016 | D:10     | Found Gaqodi's Armour Emporium.
 10137 | D:10     | Reached skill level 10 in Armour
 10141 | D:10     | Reached skill level 10 in Fighting
 10149 | D:10     | Reached ***** piety under Okawaru
 10152 | D:10     | Reached skill level 10 in Shields
 10321 | Lair:1   | Entered Level 1 of the Lair of Beasts
 10441 | Lair:1   | Found a gate leading to a gauntlet.
 10461 | Gauntlet | Entered a Gauntlet
 10461 | Gauntlet | Found a transporter.
 10461 | Gauntlet | Found a transporter.
 10461 | Gauntlet | Found a transporter.
 10476 | Gauntlet | Found a transporter.
 10476 | Gauntlet | Found a transporter.
 10483 | Gauntlet | Found a runed translucent door.
 10486 | Gauntlet | Found a transporter.
 10487 | Gauntlet | Found a transporter.
 10495 | Gauntlet | Found a transporter.
 10499 | Gauntlet | Noticed a green death
 10538 | Gauntlet | Found a transporter.
 10548 | Gauntlet | Noticed an oklob plant
 10552 | Gauntlet | Found a transporter.
 10555 | Gauntlet | Found a transporter.
 10562 | Gauntlet | Found a transporter.
 10577 | Gauntlet | Noticed a blizzard demon
 10731 | Gauntlet | Received a gift from Okawaru
 10753 | Gauntlet | Killed from afar by an ice statue

Illustrated notes

Levels and vault maps discovered:
D:1:      minmay_arrival_four_loops, layout_basic
D:2:      layout_loops_cross, serial_shops, nicolae_diamond_shop, uniq_jessica,
          uniq_robin, uniq_terence, uniq_natasha
D:3:      layout_loops_ring, basic_ecumenical_altar, uniq_sigmund
D:4:      layout_basic, vehumet_altar_wand_db
D:5:      layout_basic, serial_shops, nicolae_shop_behind_doors,
          gammafunk_ghost_mausoleum, minmay_shop_grid_forest, st_stairs_11,
          nicolae_inconvenience_store, serial_bayou_pond_c, uniq_duvessa,
          uniq_grinder
D:6:      layout_rooms, minmay_temple_entry_proselytizer, serial_shops, shop,
          serial_undead, serial_undead_e, serial_undead_f, serial_undead_c,
          serial_undead_e, serial_undead_a, serial_undead_a, serial_undead_c,
          serial_undead_d, kennysheep_generic_room_6
D:7:      layout_gridville, serial_shops, nicolae_shop_statue_plus
D:8:      layout_cave_pools
D:9:      layout_roguey, orc_0_dummy, gammafunk_ghost_hive,
          nicolae_elevator_lobby_plus
D:10:     layout_irregular_city, grunt_temple_overflow_open,
          due_lair_maze_entry_diamond, serial_shops, nicolae_shop_trees,
          kennysheep_generic_room_10, uniq_joseph
Temple:   nicolae_temple_bog_church
Lair:1:   layout_regular_city, gauntlet_entry_generic, grunt_megastairs_1
Gauntlet: minmay_gauntlet_mixed_big_or_small
          [nicolae_gauntlet_arena_flowing_pool, minmay_gauntlet_arena_77_box,
          gammafunk_gauntlet_arena_split_x, minmay_gauntlet_arena_77_path,
          gammafunk_gauntlet_arena_mazey, minmay_gauntlet_arena_77_p_blocks,
          nicolae_gauntlet_exit_dead_adventurers]

Skill      XL: |  1  2  3  4  5  6  7  8  9 10 11 |
---------------+----------------------------------+-----
Axes           | 3 4 5 6 7 9 11 12 13 | 13.7
Fighting       | 4 5 6 7 8 9 10 | 10.3
Armour         | 4 5 6 7 8 9 10 | 10.3
Shields        | 4 5 6 7 8 9 10 | 10.3
Invocations    | 2 3 |  3.7

Action                   |  1- 3 |  4- 6 |  7- 9 | 10-12 || total
-------------------------+-------+-------+-------+-------++-------
Melee: War axe           |    63 |   142 |   279 |   206 ||   690
       Headbutt          |     7 |    22 |    65 |    49 ||   143
Throw: Dart              |       |       |     3 |       ||     3
  Use: Scroll            |     5 |     4 |     6 |     8 ||    23
       Potion            |       |     1 |     1 |       ||     2
Armor: Scale mail        |    32 |    18 |       |       ||    50
       Chain mail        |       |    44 |   181 |    25 ||   250
       Plate armour      |       |       |       |    58 ||    58
Dodge: Dodged            |    33 |    57 |   124 |    97 ||   311
Block: Buckler           |    10 |    36 |    93 |    62 ||   201

Table legend: (Time is in decaauts)
 A = Elapsed time spent in this place.
 B = Non-inter-level travel time spent in this place.
 C = Inter-level travel time spent in this place.
 D = Time resting spent in this place.
 E = Time spent auto-exploring this place.
 F = Levels seen in this place.
 G = Mean time per level.
                   A        B        C        D        E       F      G
               +--------+--------+--------+--------+--------+-----+--------+
         Total |  10842 |  10368 |    474 |   1054 |   7027 |  13 |  834.0 |
       Dungeon |  10322 |   9858 |    464 |    996 |   6971 |  10 | 1032.2 |
        Temple |     91 |     81 |     10 |      0 |     56 |   1 |   91.0 |
          Lair |    139 |    139 |      0 |     58 |      0 |   1 |  139.0 |
      Gauntlet |    289 |    289 |      0 |      0 |      0 |   1 |  289.0 |
               +--------+--------+--------+--------+--------+-----+--------+

Top non-repeatable levels by time:
     D:5: 1374 daAuts
    D:10: 1239 daAuts
     D:7: 1232 daAuts
     D:9: 1160 daAuts
     D:4: 1084 daAuts
     D:3: 1036 daAuts
     D:2: 1008 daAuts
     D:1: 804 daAuts
     D:6: 726 daAuts
     D:8: 655 daAuts
Gauntlet: 289 daAuts
  Lair:1: 139 daAuts
  Temple: 91 daAuts
